 Dungeon Crawl Stone Soup version 0.22-a0-448-g1fb7470 (webtiles) character file.

1582 galech the Fighter (level 8, -4/88 HPs)
             Began as an Ogre Berserker on June 4, 2018.
             Was an Elder of Trog.
             Slain by a bullfrog skeleton (7 damage)
             ... on level 5 of the Dungeon.
             The game lasted 00:07:34 (5829 turns).

galech the Fighter (Ogre Berserker)                 Turns: 5829, Time: 00:07:35

Health: -4/88      AC:  3    Str: 24    XL:     8   Next: 91%
Magic:  0/8        EV: 11    Int:  8    God:    Trog [****..]
Gold:   288        SH:  0    Dex:  8    Spells: 7/7 levels left

rFire    . . .     SeeInvis .   a - +0 mace
rCold    . . .     Gourm    .   (no shield)
rNeg     . . .     Faith    .   b - +0 animal skin
rPois    .         Spirit   +   (helmet restricted)
rElec    .         Reflect  .   (no cloak)
rCorr    +         Harm     .   (gloves unavailable)
MR       ++...                  (boots unavailable)
Stlth    ..........             m - amulet of guardian spirit
HPRegen  1.24/turn              e - ring of resist corrosion
MPRegen  0.11/turn              c - ring of loudness (curse)

@: berserk cooldown, starving, regenerating, slowed, very slow
A: large, unfitting armour, tough skin 1
a: Berserk, Trog's Hand, Brothers in Arms, Renounce Religion


You were on level 5 of the Dungeon.
You worshipped Trog.
Trog was greatly pleased with you.
You were starving.

You visited 1 branch of the dungeon, and saw 5 of its levels.

You collected 288 gold pieces.

Inventory:

Hand Weapons
 a - a +0 mace (weapon)
Armour
 b - a +0 animal skin (worn)
Jewellery
 c - a cursed ring of loudness (right hand)
 e - a ring of resist corrosion (left hand)
 m - an amulet of guardian spirit (around neck)
Wands
 t - a wand of digging (15)
 x - a wand of acid (10)
Scrolls
 h - 2 scrolls of enchant armour {unknown}
 j - 3 scrolls of identify {unknown}
 l - a scroll of random uselessness {unknown}
 n - 7 scrolls of remove curse {unknown}
 o - a scroll of fog {unknown}
 p - 3 scrolls of teleportation {unknown}
 u - a scroll of fear {unknown}
 w - a scroll of immolation {unknown}
 y - a scroll of blinking {unknown}
Potions
 d - 3 potions of brilliance {unknown}
 f - 4 potions of haste {unknown}
 g - a potion of cancellation {unknown}
 i - 3 potions of agility {unknown}
 k - a potion of degeneration {unknown}
 r - a potion of invisibility {unknown}
 s - 2 potions of flight {unknown}
 v - a potion of heal wounds {unknown}
 z - a potion of curing {unknown}
 B - 2 potions of magic {unknown}
Comestibles
 q - 4 rations


   Skills:
 + Level 8.0 Fighting
 + Level 7.2 Maces & Flails
 + Level 5.6 Dodging
 + Level 1.7 Stealth


You had 7 spell levels left.
You didn't know any spells.
Your spell library was empty.

Dungeon Overview and Level Annotations

Branches:
Dungeon (5/15)
 Temple: D:4-7

Altars:
Cheibriados
Hepliaklqana
Trog
The Shining One


Innate Abilities, Weirdness & Mutations

You are too large for most types of armour.
You have tough skin. (AC +1)


Message History

You barely miss something.
You are no longer berserk.
You are exhausted.
You feel yourself slow down. The bullfrog skeleton hits you.
* * * LOW HITPOINT WARNING * * *
You hit something. The bullfrog skeleton hits you.
* * * LOW HITPOINT WARNING * * *
Something hits you but does no damage. The bullfrog skeleton hits you.
* * * LOW HITPOINT WARNING * * *
Something hits you.
* * * LOW HITPOINT WARNING * * *
You hit something but do no damage. The bullfrog skeleton hits you.
* * * LOW HITPOINT WARNING * * *
You hear some strange, mumbled words.
A puff of flame appears from out of thin air!
The puff of flame hits you!
* * * LOW HITPOINT WARNING * * *
The bullfrog skeleton misses you.
You hit something but do no damage. The bullfrog skeleton hits you!
You die...

##.#..##..#...
#######.....###..#.. $
##...........###.####
....##.o.....#####....#
# .............# ##...#
## .....####...##
#....###. ... #o.##
#..###.... # #{## #..#
#...# #@# #..# ##...#
#Z# ..# #..... #.# ..
#..... #.. #..###.. #).
...# #.. ..#. ... ##.
.##. ## ## # ##


You could see an orc and a bullfrog skeleton.

Vanquished Creatures
  The ghost of galech the Skirmisher, an amateur OgBe of Trog (D:3)
  An ice beast (D:5)
  An ogre (D:5)
  7 big kobolds (D:3)
  3 crimson imps (D:5)
  A bullfrog skeleton (D:5)
  A jelly (D:1)
  3 orc priests (D:5)
  Terence (D:2)
  An iguana (D:4)
  2 orc wizards
  A worker ant (D:5)
  8 adders
  A gnoll (D:3)
  6 oozes
  An adder skeleton (D:4)
  4 worms
  3 dart slugs
  4 leopard geckos
  15 orcs
  A ball python (D:1)
  6 bats (D:1)
  6 giant cockroaches
  3 goblins
  7 hobgoblins
  8 jackals
  2 quokkas
  11 frilled lizards
  54 kobolds
  8 rats
171 creatures vanquished.

Notes
Turn   | Place    | Note
-------+----------+-------------------------------------------
     0 | D:1      | galech the Ogre Berserker began the quest for the Orb.
     0 | D:1      | Reached XP level 1. HP: 24/24 MP: 1/1
     1 | D:1      | Found a runed door.
     3 | D:1      | Noticed a jelly
    58 | D:1      | Reached XP level 2. HP: 8/32 MP: 2/2
   619 | D:1      | Reached XP level 3. HP: 27/40 MP: 3/3
   628 | D:1      | Reached ** piety under Trog
   917 | D:2      | Reached skill level 5 in Fighting
   917 | D:2      | Reached XP level 4. HP: 7/50 MP: 0/4
  1306 | D:2      | Noticed Terence
  1316 | D:2      | Killed Terence
  1842 | D:3      | Reached XP level 5. HP: 25/57 MP: 2/5
  2495 | D:3      | Noticed galech's ghost (amateur OgBe)
  2510 | D:3      | Killed galech's ghost
  2510 | D:3      | Reached skill level 6 in Fighting
  2510 | D:3      | Reached XP level 6. HP: 44/67 MP: 3/6
  3056 | D:3      | Reached *** piety under Trog
  3191 | D:3      | Reached skill level 5 in Maces & Flails
  3247 | D:3      | Reached XP level 7. HP: 75/75 MP: 7/7
  3254 | D:3      | Reached skill level 1 in Stealth
  3418 | D:3      | Reached **** piety under Trog
  3681 | D:3      | Reached skill level 7 in Fighting
  3681 | D:3      | Reached XP level 8. HP: 82/87 MP: 6/8
  4348 | D:4      | Reached skill level 5 in Dodging
  4683 | D:4      | Found a bloodstained altar of Trog.
  4737 | D:4      | Found a glowing golden altar of the Shining One.
  5003 | D:5      | Entered Level 5 of the Dungeon
  5207 | D:5      | Found a snail-covered altar of Cheibriados.
  5745 | D:5      | Found a hazy altar of Hepliaklqana.
  5813 | D:5      | Reached skill level 8 in Fighting
  5827 | D:5      | HP: 4/88 [bullfrog skeleton (5)]
  5828 | D:5      | HP: 1/88 [something/puff of flame (1)]
  5829 | D:5      | Slain by a bullfrog skeleton

Vault maps used:
D:1:      dpeg_arrival_caged_fury
D:2:      minmay_statues_item, uniq_terence
D:3:      minmay_goblin_kobold_castle, st_stairs_1, minmay_lizard_king
D:4:      kennysheep_little_box, nicolae_tso_carved_into_rock, first_ration
D:5:      lemuel_doored_altar, fedhas_altar_1, temple_fountains,
          minmay_misc_feat_five, minmay_ruined_shrine

Skill      XL: |  1  2  3  4  5  6  7  8 |
---------------+-------------------------+-----
Maces & Flails | 3 4 5 6 7 |  7.2
Dodging        | 3 4 5 |  5.6
Fighting       | 5 6 7 8 |  8.0
Stealth        | 1 |  1.7

Action                   |  1- 3 |  4- 6 |  7- 9 || total
-------------------------+-------+-------+-------++-------
Melee: Mace              |   100 |   231 |   303 ||   634
Invok: Berserk           |     1 |     4 |     4 ||     9
       Trog's Hand       |     1 |       |     3 ||     4
 Stab: Sleeping          |       |     1 |       ||     1
  Eat: Chunk             |       |     8 |     6 ||    14
       Ration            |       |     1 |     2 ||     3
Armor: Animal skin       |    56 |    53 |    70 ||   179
Dodge: Dodged            |    97 |   158 |   167 ||   422

Table legend:
 A = Spawn XP
 B = Non-spawn XP
 C = Spawn XP percentage of total XP
 D = Spawn monster count
 E = Non-spawn monster count
 F = Spawn count percentage of total count
 G = Total turns spent on level
                    A         B        C        D         E        F      G
               +---------+---------+-------+---------+---------+-------+---------
         Total |       0 |    2260 |   0.0 |       0 |     171 |   0.0 |  5829
               +---------+---------+-------+---------+---------+-------+---------
           D:1 |       0 |     139 |   0.0 |       0 |      40 |   0.0 |   976
           D:2 |       0 |      84 |   0.0 |       0 |      11 |   0.0 |   758
           D:3 |       0 |    1259 |   0.0 |       0 |      89 |   0.0 |  2484
           D:4 |       0 |     111 |   0.0 |       0 |      11 |   0.0 |   785
           D:5 |       0 |     667 |   0.0 |       0 |      20 |   0.0 |   826
               +---------+---------+-------+---------+---------+-------+---------
